Map: Acropolis LE

Players

안산미남고탱 - Winner!

  • Race: Terran Terran
  • League: Platinum
  • Spawn Location: 11:00

Taku

  • Race: Protoss Protoss
  • League: Platinum
  • Spawn Location: 5:00

VOD

Have the link to the VOD?

Description

Time

  • Played on: May 27, 2019, 1:39 p.m.
  • Length: 4:47
Show
View Real Time Build Order
Export as new Build Order

안산미남고탱 Terran - Winner!

Build Orders:  

Get SALT Encoding   

  12  0:00  SCV  
  13  0:14  Supply Depot  
  13  0:18  SCV  
  14  0:24  Refinery  
  14  0:30  SCV  
  15  0:47  SCV  
  16  0:59  SCV  
  17  1:05  Barracks  
  17  1:08  Barracks  
  17  1:12  SCV  
  18  1:23  Supply Depot  
  18  1:26  SCV  
  19  1:40  SCV  
  19  1:47  Supply Depot  
  20  1:53  Reaper  
  21  1:55  Reaper  
  21  2:01  SCV  
  23  2:13  SCV  
  24  2:25  SCV  
  24  2:28  Reaper x2  
  27  2:37  SCV, Refinery  
  28  2:49  SCV  
  29  3:02  SCV  
  30  3:15  SCV  
  31  3:21  Factory  
  31  3:26  Supply Depot  
  31  3:27  SCV  
  32  3:40  Command Center  
  33  3:43  Orbital Command  
  30  4:06  Widow Mine  
  30  4:07  Engineering Bay  
  30  4:09  Starport  
  30  4:13  SCV  
  31  4:28  Factory Tech Lab  
  31  4:35  SCV  
  31  4:36  Missile Turret  
  32  4:41  Command Center  
Show
View Real Time Build Order
Export as new Build Order

Taku Protoss 

Build Orders: 1 Gate Expand 

Get SALT Encoding   

  12  0:02  Probe  
  13  0:14  Probe  
  14  0:18  Pylon  
  14  0:24  Probe  
  15  0:32  Probe  
  15  0:37  Gateway  
  15  0:40  Probe  
  16  0:46  Assimilator  
  17  0:53  Probe  
  18  1:01  Probe  
  18  1:09  Probe  
  20  1:19  Probe  
  21  1:25  Assimilator  
  21  1:29  Zealot  
  23  1:36  Nexus  
  23  1:48  Assimilator  
  23  1:53  Pylon  
  23  2:11  Probe  
  23  2:12  Cybernetics Core  
  23  2:15  Pylon  
  23  2:20  Gateway  
  23  2:23  Probe  
  24  2:35  Probe  
  27  2:43  Adept  
  22  3:02  Warp Gate  
  15  3:20  Probe, Stalker x2  
  20  3:28  Probe  
  21  3:35  Stargate  
  21  3:37  Probe  
  22  3:48  Nexus  
  22  3:49  Probe  
  14  4:05  Probe  
  14  4:13  Probe  
  14  4:23  Probe  
  16  4:35  Probe  
Tags
 
Add a new tag
Caveats
  • Supply blocks, unpowered buildings, or Contaminate may cause inaccurate times.
  • Supply counts are checked every 10 seconds.